 Dungeon Crawl Stone Soup version 0.28.0-53-g5a82cb258f (webtiles) character file.

Game seed: 14040492534321654469

18 GigaChad the Covered (level 2, 0/27 HPs)
             Began as a Minotaur Fighter on Aug 22, 2022.
             Slain by a dart slug (2 damage)
             ... on level 1 of the Dungeon.
             The game lasted 00:00:54 (481 turns).

GigaChad the Covered (Minotaur Fighter)              Turns: 481, Time: 00:00:55

Health: 0/27       AC:  7    Str: 20    XL:     2   Next: 48%
Magic:  1/1        EV:  9    Int:  5    God:
Gold:   13         SH:  4    Dex:  9    Spells: 1/1 levels left

rFire   . . .      SeeInvis .   a - +0 long sword
rCold   . . .      Faith    .   c - +0 buckler
rNeg    . . .      Spirit   .   b - +0 scale mail
rPois   .          Reflect  .   (helmet restricted)
rElec   .          Harm     .   (no cloak)
rCorr   .          Rampage  .   (no gloves)
Will    .....                   (no boots)
Stlth   ..........              (no amulet)
HPRegen 0.09/turn               (no ring)
MPRegen 0.07/turn               (no ring)

@: no status effects
A: horns 2, retaliatory headbutt
a: no special abilities


You were on level 1 of the Dungeon.
You visited 1 branch of the dungeon, and saw 1 of its levels.

You collected 13 gold pieces.

Inventory:

Hand Weapons
 a - a +0 long sword (weapon)
Armour
 b - a +0 scale mail (worn)
 c - a +0 buckler (worn)
Scrolls
 e - a scroll of acquirement {unknown}
Potions
 d - a potion of might


   Skills:
 + Level 3.9 Fighting
 + Level 2.5 Long Blades
 + Level 4.0 Armour
 + Level 0.1 Dodging
 + Level 4.0 Shields


You had one spell level left.
You didn't know any spells.
Your spell library was empty.

Dungeon Overview and Level Annotations

Branches:
Dungeon (1/15)

Altars:

Shops:
D:1 !


Innate Abilities, Weirdness & Mutations

You have a pair of horns on your head.
You reflexively headbutt those who attack you in melee.


Message History

The dart slug is moderately wounded.
The hobgoblin closely misses you.
The kobold hits you with a +0 short sword.
* * * LOW HITPOINT WARNING * * *
You block the hobgoblin's attack. The kobold barely misses you.
The dart slug launches a dart at you. The slug dart misses you.
You slash the kobold!
You kill the kobold!
The dart slug bites you but does no damage.
You block the hobgoblin's attack. The hobgoblin barely misses you.
The dart slug bites you but does no damage.
You closely miss the hobgoblin. The hobgoblin hits you.
* * * LOW HITPOINT WARNING * * *
The dart slug briefly extends its eye-stalks.
You block the dart slug's attack.
You barely miss the hobgoblin. The hobgoblin barely misses you.
You block the hobgoblin's attack. The dart slug launches a dart at you.
The slug dart hits you.
* * * LOW HITPOINT WARNING * * *
You hit the hobgoblin.
The hobgoblin is almost dead.
The hobgoblin hits you but does no damage.
You block the dart slug's attack.
You slash the hobgoblin!
You kill the hobgoblin!
Your Shields skill increases to level 4!
The dart slug launches a dart at you. The slug dart hits you.
* * * LOW HITPOINT WARNING * * *
You slash the dart slug!
The dart slug is almost dead.
You block the dart slug's attack.
You hit the dart slug but do no damage.
The dart slug is almost dead.
The dart slug bites you.
You die...

.....#* #** *#...#... ###...*
*.* #.####### # #.#.#* *.###
#.# # #.#..# *,..######.#****
###.##.###########.........,,,*
....##..#.∩...##...........,,,*
##...##............>.......,,,*
#..#.†..............)......,,,*
..####..........@w).!......,,,*
##* #.....................,,,*
##....................,,,*
******#....................,,,*
*,,,,,.....................,,,*
,,***###...................,,,*
*** ##.[...##.....######****
*#####*#######


You could see a dart slug.

Vanquished Creatures
  A dart slug (D:1)
  An endoplasm (D:1)
  5 hobgoblins (D:1)
  3 kobolds (D:1)
  A quokka (D:1)
  A goblin (D:1)
  2 rats (D:1)
14 creatures vanquished.

Notes
Turn   | Place    | Note
-------+----------+-------------------------------------------
     0 | D:1      | GigaChad the Minotaur Fighter began the quest for the Orb.
     0 | D:1      | Reached XP level 1. HP: 19/19 MP: 0/0
   215 | D:1      | Reached XP level 2. HP: 8/27 MP: 1/1
   435 | D:1      | Found Ceud Yrph's Distillery.
   481 | D:1      | Slain by a dart slug

Illustrated notes

Levels and vault maps discovered:
D:1:      psy_arrival_fountain, layout_rooms, serial_shops, shop,
          dreamdust_ecumenical_altar_angels_and_demons

Skill      XL: |  1  2 |
---------------+-------+-----
Armour         | 4 |  4.0
Shields        | 4 |  4.0
Fighting       | |  3.9
Long Blades    | |  2.5
Dodging        | |  0.1

Action                   || total
-------------------------++-------
Melee: Long sword        ||    31
       Headbutt          ||     4
  Use: Scroll            ||     1
Armor: Scale mail        ||    13
Dodge: Dodged            ||    32
Block: Buckler           ||    17
